Map: Emerald City LE

Players

RubiX

  • Race: Terran Terran
  • League: Master
  • Spawn Location: 11:00

Creepux

  • Race: Terran Terran
  • League: Gold
  • Spawn Location: 11:00

Massa - Winner!

  • Race: Terran Terran
  • League: Platinum
  • Spawn Location: 5:00

qqq - Winner!

  • Race: Protoss Protoss
  • League: Platinum
  • Spawn Location: 5:00

VOD

Have the link to the VOD?

Description

Time

  • Played on: Dec. 5, 2020, 7:50 a.m.
  • Length: 9:30
Show
View Real Time Build Order
Export as new Build Order

RubiX Terran 

Build Orders: Reaper Expand 

Get SALT Encoding   

  12  0:00  SCV  
  13  0:12  SCV  
  14  0:18  Supply Depot  
  14  0:24  SCV  
  15  0:40  SCV  
  15  0:42  Barracks  
  16  0:45  Refinery  
  16  0:52  SCV  
  17  1:04  SCV  
  18  1:16  SCV  
  19  1:31  Orbital Command  
  19  1:32  Reaper  
  20  1:40  Command Center  
  20  1:47  Supply Depot  
  20  1:57  SCV  
  21  2:03  Marine  
  22  2:09  Factory  
  22  2:13  SCV  
  23  2:18  Refinery  
  23  2:22  Barracks Reactor  
  23  2:25  SCV  
  23  2:37  SCV  
  24  2:49  SCV  
  25  2:53  Starport  
  25  2:55  Hellion  
  25  2:57  Orbital Command  
  27  2:59  Marine x2  
  27  3:02  SCV  
  27  3:04  Refinery  
  30  3:14  SCV  
  30  3:16  Hellion  
  30  3:17  Marine x2  
  35  3:23  SCV  
  35  3:26  SCV  
  37  3:35  SCV  
  37  3:38  SCV  
  37  3:40  Widow Mine, Fusion Core  
  41  3:42  Starport Tech Lab  
  41  3:47  SCV  
  41  3:57  SCV  
  41  3:58  Marine x2  
  41  3:59  SCV  
  45  4:09  Supply Depot  
  45  4:10  Supply Depot  
  45  4:11  SCV  
  46  4:28  Weapon Refit  
  46  4:30  SCV x2  
  46  4:31  Widow Mine, Battlecruiser  
  56  4:40  Refinery  
  56  4:42  SCV  
  56  4:44  SCV  
  58  4:52  Widow Mine  
  60  4:53  Supply Depot  
  60  4:55  SCV, Supply Depot  
  60  4:56  SCV  
  60  4:58  Starport  
  62  5:07  SCV  
  61  5:08  SCV  
  62  5:15  Widow Mine  
  62  5:19  SCV  
  64  5:26  SCV  
  65  5:31  SCV, Armory  
  65  5:34  Supply Depot  
  65  5:35  Starport Tech Lab, Supply Depot  
  60  5:36  Battlecruiser  
  60  5:38  SCV  
  66  5:43  SCV  
  66  5:46  Marine x2  
  56  5:58  SCV x2  
  56  6:01  Widow Mine  
  60  6:10  SCV  
  54  6:21  Battlecruiser  
  54  6:24  SCV  
  53  6:37  SCV  
  43  6:47  SCV  
  43  6:49  SCV  
  45  6:59  SCV  
  51  7:01  Battlecruiser  
  51  7:07  SCV  
  52  7:12  SCV  
  53  7:19  SCV  
  53  7:21  Terran Ship Weapons Level 1  
  54  7:24  SCV  
  54  7:27  Widow Mine  
  57  7:31  SCV  
  57  7:36  SCV  
  59  7:43  SCV, Supply Depot  
  60  7:45  Marine x2  
  60  7:48  Widow Mine, SCV  
  65  7:55  SCV  
  65  7:56  Command Center  
  66  8:00  SCV, Battlecruiser  
  66  8:04  Supply Depot  
  73  8:07  SCV  
  73  8:10  Supply Depot  
  73  8:12  SCV  
  69  8:24  SCV x2  
  77  8:36  SCV x2  
  80  8:48  SCV  
  80  8:50  SCV  
  81  8:57  Engineering Bay  
  81  9:00  SCV  
  81  9:02  SCV  
  83  9:05  Armory  
  89  9:12  SCV  
Show
View Real Time Build Order
Export as new Build Order

Creepux Terran 

Build Orders:  

Get SALT Encoding   

  12  0:00  SCV  
  13  0:15  SCV  
  13  0:20  Supply Depot  
  14  0:45  Barracks  
  14  0:49  Refinery  
  14  0:50  SCV  
  14  0:52  Refinery  
  15  1:02  SCV  
  16  1:17  SCV  
  17  1:41  Barracks Reactor  
  17  1:49  Factory  
  17  1:51  Orbital Command  
  17  2:18  SCV  
  18  2:32  Factory Tech Lab  
  18  2:35  Starport, SCV  
  19  2:47  SCV  
  20  2:59  SCV  
  21  3:11  Starport Tech Lab  
  21  3:16  Supply Depot  
  21  3:17  Fusion Core  
  21  3:19  Supply Depot  
  21  3:30  SCV  
  22  3:42  SCV  
  23  4:04  Battlecruiser  
  29  4:14  Weapon Refit  
  29  4:23  SCV  
  30  4:29  Supply Depot  
  30  4:56  Command Center  
  30  5:07  Starport  
  29  5:47  Battlecruiser  
  9  6:26  SCV  
  10  6:36  Supply Depot  
  10  6:40  SCV  
  11  6:53  SCV  
  12  7:05  SCV  
  13  7:28  SCV  
  8  7:40  SCV  
  9  7:45  Starport Tech Lab  
  9  7:52  SCV  
  10  8:01  Factory  
  10  8:03  Factory  
  10  8:04  SCV  
  11  8:16  SCV  
  12  8:26  Barracks Tech Lab  
  12  8:28  SCV  
  13  8:37  Factory  
  13  8:40  SCV  
  14  8:52  SCV  
  15  9:04  SCV  
  15  9:05  Armory  
  16  9:16  SCV  
Show
View Real Time Build Order
Export as new Build Order

Massa Terran - Winner!

Build Orders: Gas First Reaper Expand 

Get SALT Encoding   

  12  0:01  SCV  
  13  0:13  SCV  
  14  0:24  Supply Depot  
  14  0:25  SCV  
  15  0:32  Refinery  
  15  0:45  SCV  
  15  0:47  Barracks  
  16  0:57  SCV  
  17  1:09  SCV  
  18  1:21  SCV  
  19  1:35  Reaper  
  19  1:39  Command Center  
  21  1:44  Orbital Command  
  20  2:07  Marine  
  21  2:12  SCV  
  22  2:26  Marine  
  22  2:27  Factory  
  22  2:28  Supply Depot  
  23  2:42  Engineering Bay  
  23  2:46  Refinery  
  23  2:49  SCV  
  24  2:52  Command Center  
  24  3:02  Orbital Command  
  24  3:04  Barracks Tech Lab  
  24  3:22  SCV  
  25  3:34  SCV, Barracks Tech Lab  
  26  3:35  Hellion, Infernal Pre-Igniter  
  28  3:41  Factory  
  27  3:49  SCV x2  
  29  3:55  Missile Turret  
  29  3:56  Hellion  
  29  4:00  Missile Turret  
  29  4:01  SCV  
  32  4:05  Missile Turret  
  32  4:07  SCV  
  33  4:10  SCV  
  33  4:15  Marine  
  35  4:18  SCV, Hellion  
  35  4:20  SCV  
  39  4:27  Hellion  
  39  4:30  SCV x2  
  43  4:39  Hellion, Terran Infantry Weapons Level 1  
  43  4:42  Armory  
  45  4:48  Hellion, Stimpack  
  45  4:50  SCV  
  45  4:51  SCV  
  45  4:52  SCV  
  50  4:59  Barracks  
  50  5:01  Hellion  
  50  5:04  Barracks  
  52  5:10  Factory Tech Lab  
  52  5:20  SCV x2  
  52  5:21  SCV  
  55  5:22  Siege Tank  
  58  5:33  SCV x3  
  59  5:53  Cyclone  
  60  6:06  Cyclone  
  58  6:26  Missile Turret x2  
  58  6:28  Missile Turret x4  
  50  7:00  Refinery  
  48  7:05  SCV x2  
  48  7:06  Refinery  
  48  7:17  SCV x2  
  48  7:20  Combat Shield  
  52  7:29  Marine  
  52  7:32  Barracks Reactor  
  52  7:33  Barracks Reactor  
  52  7:36  Barracks  
  50  7:45  SCV x2  
  50  7:48  Orbital Command  
  50  7:50  Thor  
  58  7:52  Marine  
  58  7:57  SCV x2  
  61  8:20  Supply Depot x2  
  61  8:21  Supply Depot  
  61  8:24  Supply Depot  
  61  8:39  Concussive Shells  
  61  8:41  SCV, Marine, Thor  
  61  8:42  SCV x2, Marine x4  
  61  8:43  Refinery  
  61  8:44  Supply Depot  
  61  8:46  Supply Depot  
  61  8:47  Supply Depot  
  75  8:49  Engineering Bay  
  75  8:53  SCV  
  75  8:54  Barracks Reactor, SCV x2  
  78  8:59  Marine x5  
  89  9:06  SCV  
  89  9:08  SCV x2  
Show
View Real Time Build Order
Export as new Build Order

qqq Protoss - Winner!

Build Orders: Phoenix Opening, Mass Phoenix 

Get SALT Encoding   

  12  0:01  Probe  
  13  0:18  Probe  
  14  0:22  Pylon  
  14  0:30  Probe  
  15  0:43  Probe  
  15  0:48  Gateway  
  16  0:55  Probe  
  17  0:57  Pylon  
  17  1:00  Assimilator  
  17  1:07  Probe  
  18  1:19  Probe  
  19  1:31  Probe  
  20  1:33  Assimilator  
  20  1:43  Probe  
  20  1:46  Cybernetics Core  
  21  1:55  Probe  
  22  2:22  Probe, Stalker (Chrono Boost)  
  25  2:30  Nexus  
  25  2:34  Probe  
  26  2:39  Stargate  
  25  2:46  Probe  
  26  2:58  Probe  
  26  3:02  Stargate  
  26  3:03  Pylon  
  27  3:10  Probe  
  28  3:23  Probe  
  28  3:24  Phoenix  
  31  3:35  Probe  
  32  3:47  Probe  
  33  3:49  Phoenix  
  35  3:58  Phoenix  
  35  3:59  Probe x2  
  39  4:03  Assimilator  
  39  4:07  Assimilator  
  39  4:11  Probe x2  
  39  4:14  Phoenix  
  43  4:21  Pylon  
  43  4:23  Probe  
  43  4:24  Probe  
  45  4:35  Probe  
  45  4:36  Probe  
  45  4:37  Phoenix  
  49  4:48  Probe x2  
  49  4:50  Phoenix  
  53  5:00  Probe x2  
  55  5:08  Protoss Air Weapons Level 1 (Chrono Boost)  
  55  5:12  Probe x2  
  57  5:24  Probe x2, Phoenix  
  61  5:31  Forge  
  61  5:35  Pylon  
  61  5:37  Pylon  
  61  5:38  Pylon  
  61  5:41  Pylon  
  61  5:47  Void Ray  
  61  5:48  Nexus  
  61  5:53  Phoenix  
  67  6:12  Void Ray  
  71  6:27  Fleet Beacon  
  71  6:29  Pylon  
  71  6:32  Pylon  
  71  6:35  Pylon  
  71  6:39  Phoenix  
  73  6:54  Void Ray  
  77  7:06  Protoss Air Armor Level 1 (Chrono Boost)  
  77  7:08  Photon Cannon  
  77  7:09  Probe  
  77  7:12  Anion Pulse-Crystals, Photon Cannon  
  77  7:14  Tempest  
  83  7:21  Probe  
  82  7:33  Probe  
  82  7:36  Assimilator  
  83  7:37  Carrier  
  83  7:41  Assimilator  
  83  7:43  Photon Cannon  
  89  7:45  Probe  
  89  7:47  Pylon  
  90  7:56  Tempest  
  90  7:57  Probe  
  90  7:58  Nexus  
  96  8:10  Probe  
  94  8:22  Probe  
  95  8:34  Probe  
  96  8:38  Pylon, Nexus  
  102  8:41  Pylon  
  102  8:46  Probe  
  109  8:58  Probe (Chrono Boost)  
  110  9:07  Probe (Chrono Boost)  
  111  9:12  Probe (Chrono Boost)  
  112  9:19  Photon Cannon  
  106  9:25  Photon Cannon  
Tags
 
Add a new tag
Caveats
  • Supply blocks, unpowered buildings, or Contaminate may cause inaccurate times.
  • Supply counts are checked every 10 seconds.